 Dungeon Crawl Stone Soup version 0.17-a0-2093-gc772f4b (webtiles) character file.

72 ololoev the Firebug (level 4, 20/30 HPs)
             Began as a Demonspawn Fire Elementalist on Oct 16, 2015.
             Quit the game on level 2 of the Dungeon.
             The game lasted 00:04:38 (1707 turns).

ololoev the Firebug (Demonspawn Fire Elementalist)  Turns: 1707, Time: 00:04:38

Health: 20/30      AC:  3    Str:  8    XL:     4   Next: 6%
Magic:  9/16       EV: 13    Int: 17    God:
Gold:   69         SH:  0    Dex: 14    Spells: 1 memorised, 7 levels left

rFire  . . .     SeeInvis .     o - +0 dagger
rCold  . . .     Clarity  .     a - +0 robe
rNeg   . . .     SustAt   .     (no shield)
rPois  .         Gourm    .     (no helmet)
rElec  .         Spirit   .     (no cloak)
rCorr  .         Warding  .     (no gloves)
rMut   .         Stasis   .     (no boots)
MR     .....                    (no amulet)
Stlth  ++........               (no ring)
                                g - ring of magical power

@: mildly poisoned (20 -> 14), not resistant to hostile enchantments, unstealthy
A: talons 1, molten scales 1, rot immunity
a: no special abilities


Innate Abilities, Weirdness & Mutations

You have sharp toenails.
You are partially covered in molten scales (AC +1).
You are immune to rotting.

Inventory:

Hand Weapons
 o - a +0 dagger (weapon)
Missiles
 u - 3 curare-tipped needles
Armour
 a - a +0 robe (worn)
Jewellery
 g - a ring of magical power (left hand)
Wands
 n - a wand of heal wounds (4)
Scrolls
 d - 2 scrolls of enchant weapon {unknown}
 e - a scroll of teleportation {unknown}
 k - a scroll of remove curse {unknown}
 r - a scroll of recharging {unknown}
 t - a scroll of amnesia {unknown}
Potions
 f - a potion of degeneration {unknown}
 h - a potion of lignification {unknown}
 i - a potion of brilliance {unknown}
 l - a potion of agility {unknown}
 m - 2 potions of heal wounds {unknown}
 q - 2 potions of curing {unknown}
Books
 b - a book of Flames

   Spells                             Type                      Level
   a - Flame Tongue                   Conjuration/Fire             1
   b - Throw Flame                    Conjuration/Fire             2
   c - Conjure Flame                  Conjuration/Fire             3
   d - Inner Flame                    Hexes/Fire                   3
   e - Sticky Flame                   Conjuration/Fire             4
   f - Fireball                       Conjuration/Fire             5
Comestibles
 c - a bread ration
 j - 2 meat rations
 p - a royal jelly
 s - a chunk of flesh


   Skills:
 + Level 2.4 Dodging
 + Level 2.7 Stealth
 + Level 2.5 Spellcasting
 + Level 1.6 Conjurations
 + Level 3.0 Fire Magic


You had 7 spell levels left.
You knew the following spells:

 Your Spells              Type           Power        Failure   Level  Hunger
a - Flame Tongue          Conj/Fire      ##...        10%         1    #......


You were on level 2 of the Dungeon.
You were not hungry.

You visited 1 branch of the dungeon, and saw 2 of its levels.

You collected 69 gold pieces.

#.##.# #.#..# ######### # #....#
#.......# #. . #..#####.#####.#
#. ...###............#.# #.
.......>....#.#...#.# #.
..###............#.# #.
#..##.##.#.#.#.###.
#.@.#.##...#....... #.
#####)..#.######.#.###. #.
..........# #.#.# #. #.
####....#########.# #.
#.#+###########............#.# #.
#...................######.#.###.
#...#############..............#.
.........................#.#.....
#...#############.##..#..#.###.#.

Notes
Turn   | Place    | Note
--------------------------------------------------------------
     0 | D:1      | ololoev the Demonspawn Fire Elementalist began the quest for the Orb.
     0 | D:1      | Reached XP level 1. HP: 13/13 MP: 3/3
   376 | D:1      | Gained mutation: You are immune to rotting. [demonic ancestry]
   376 | D:1      | Reached XP level 2. HP: 19/19 MP: 5/5
   924 | D:1      | Gained mutation: You are partially covered in molten scales (AC +1). [demonic ancestry]
   924 | D:1      | Reached XP level 3. HP: 24/24 MP: 6/6
  1706 | D:2      | Reached skill level 3 in Fire Magic
  1706 | D:2      | Gained mutation: You have sharp toenails. [demonic ancestry]
  1706 | D:2      | Reached XP level 4. HP: 21/30 MP: 7/7
  1707 | D:2      | Quit the game

Dungeon Overview and Level Annotations

Branches:
Dungeon (2/15)

Altars:


Message History

An adder is nearby!
Casting: Flame Tongue
Confirm with . or Enter, or press ? or * to list all spells.
Aiming: Flame Tongue
Press: ? - help, Shift-Dir - straight line, f - adder
Aim: an adder (hasn't noticed you)
The flame tongue hits the adder.
The adder is lightly wounded.
Casting: Flame Tongue
Confirm with . or Enter, or press ? or * to list all spells.
Aiming: Flame Tongue
Press: ? - help, Shift-Dir - straight line, f/p - adder
Aim: an adder (lightly wounded)
The flame tongue misses the adder.
The adder bites you.
Casting: Flame Tongue
Confirm with . or Enter, or press ? or * to list all spells.
Aiming: Flame Tongue
Press: ? - help, Shift-Dir - straight line, f/p - adder
Aim: an adder (lightly wounded)
The flame tongue hits the adder.
The adder is severely wounded.
The adder bites you.
You are poisoned.
The adder poisons you!
Casting: Flame Tongue
Confirm with . or Enter, or press ? or * to list all spells.
Aiming: Flame Tongue
Press: ? - help, Shift-Dir - straight line, f/p - adder
Aim: an adder (severely wounded)
The flame tongue hits the adder.
You kill the adder!
Your Fire Magic skill increases to level 3!
You have reached level 4!
You feel agile.
Your demonic ancestry asserts itself...
Your toenails lengthen and sharpen.
You feel sick.
Are you sure you want to abandon this character and quit the game? (Confirm with "yes".)
Okay, then.
Unknown command.
Are you sure you want to abandon this character and quit the game? (Confirm with "yes".)

There were no monsters in sight!

Vanquished Creatures
  3 adders (D:2)
  An ooze (D:1)
  3 giant geckos
  An orc (D:2)
  A ball python (D:1)
  9 bats
  A giant cockroach (D:1)
  4 hobgoblins (D:1)
  4 giant newts
  5 goblins (D:1)
  7 kobolds
  3 rats
42 creatures vanquished.

Action                   |  1- 3 |  4- 6 || total
-------------------------+-------+-------++-------
Melee: Unarmed           |     4 |       ||     4
       Dagger            |    23 |       ||    23
 Cast: Flame Tongue      |    69 |     1 ||    70
 Stab: Sleeping          |     1 |       ||     1
  Eat: Chunk             |     3 |       ||     3

Vault maps used:
D:1:      dpeg_arrival_yet_another_circle
D:2:      yredelemnul_altar_generic, uniq_crazy_yiuf_cottage
